 Dungeon Crawl Stone Soup version 0.31-a0-214-gb37851dbb3 (webtiles) character file.

Game seed: 9134327750598736409

1554 qw the Cleaver (level 8, -2/49 HPs)
             Began as a Gargoyle Fighter on July 1, 2023.
             Was a Follower of Okawaru.
             Slain by a death yak (12 damage)
             ... on level 8 of the Dungeon.
             The game lasted 00:03:12 (5338 turns).

qw the Cleaver (Gargoyle Fighter)                   Turns: 5338, Time: 00:03:13

Health: -2/49      AC: 24    Str: 22    XL:     8   Next: 88%
Magic:  11/11      EV:  8    Int:  9    God:    Okawaru [*.....]
Gold:   204        SH:  5    Dex:  9    Spells: 7/7 levels left

rFire   . . .        Y - +1 war axe
rCold   . . .        c - +0 buckler
rNeg    + . .        a - +1 plate armour
rPois   inf          (no helmet)
rElec   +            (no cloak)
rCorr   .            (no gloves)
SInv    .            (no boots)
Will    .....        g - amulet of regeneration Stlth
                     b - +4 ring of protection
HPRegen 1.08/turn    (no ring)
MPRegen 0.12/turn

%: no passive effects
@: about to teleport, heroic
A: sickness immunity, AC +5, negative energy resistance 1, electricity
resistance, torment resistance 1, petrification resistance
a: Renounce Religion, Heroism


You were on level 8 of the Dungeon.
You worshipped Okawaru.
Okawaru was aware of your devotion.
You visited 2 branches of the dungeon, and saw 9 of its levels.

You collected 204 gold pieces.


Innate Abilities, Weirdness & Mutations

You are immune to sickness and miasma.
Your stone body is resilient. (AC +5)
You are immune to poison.
You resist negative energy. (rN+)
You are resistant to electric shocks. (rElec)
You are resistant to unholy torment.
You are immune to petrification.


   Skills:
 + Level 5.2(10.2) Fighting
 - Level 8.1(13.1) Axes
 - Level 1.3(6.3) Throwing
 - Level 4.0(9.0) Armour
 - Level 1.0(6.0) Dodging
 - Level 3.2(8.2) Shields
 - Level 4.3 Invocations


You had 7 spell levels left.
You didn't know any spells.
Your spell library was empty.

Inventory:

Hand Weapons
 j - a +2 flail of protection
 Y - a +1 war axe (weapon)
Missiles
 m - 2 boomerangs (quivered)
Armour
 a - a +1 plate armour (worn)
 c - a +0 buckler (worn)
Jewellery
 b - a +4 ring of protection (left hand)
 g - an amulet of regeneration (around neck)
Scrolls
 l - 4 scrolls of identify
Potions
 d - 2 potions of might
 f - 2 potions of attraction
 h - a potion of mutation
 i - 5 potions of curing
 k - a potion of cancellation
 r - a potion of lignification

Dungeon Overview and Level Annotations

Branches:
Dungeon (8/15)             Temple (1/1) D:4
   Lair: D:8-11

Altars:
Ashenzari
Cheibriados
Dithmenos
Elyvilon
Fedhas
Gozag
Hepliaklqana
Kikubaaqudgha
Makhleb
Nemelex Xobeh
Okawaru
Qazlal
Sif Muna
Uskayaw
Vehumet
Wu Jian
Xom
Yredelemnul
The Shining One

Annotations:
D:5 exclusion: moth of wrath


Message History

You slash the death yak!
The death yak is heavily wounded.
You hit the death yak.
The death yak gores you but does no damage.
The death yak closely misses you.
You hit the death yak but do no damage.
The death yak is heavily wounded.
You slash the death yak!
The death yak gores you but does no damage.
The death yak gores you.
You barely miss the death yak.
The death yak is heavily wounded.
You slash the death yak! The death yak gores you!
The death yak gores you but does no damage.
You slash the death yak!
The death yak is heavily wounded.
You slash the death yak!
The quokka twitches its whiskers.
Something unseen opens the door.
The death yak gores you.
The death yak gores you but does no damage.
You hit the death yak.
The death yak is severely wounded.
You slash the death yak! You barely miss the death yak.
The death yak is severely wounded.
You hit the death yak but do no damage.
The death yak gores you but does no damage.
A river rat comes into view.
The death yak gores you!
5337 ||| READING scroll of teleportation.
As you read the scroll of teleportation, it crumbles to dust.
You feel strangely unstable. The death yak closely misses you.
The death yak gores you but does no damage.
You hit the death yak.
The death yak is severely wounded.
You hit the death yak. The death yak gores you!
You die...

...# ## #+
#..##..##...
#..#........
#..##.......
#..##......
#<.........
#......##
##......########
#(......@YYr...:
##..##..#Yrr....
#####..##rr##.#
#'## r.# 'r ...
##. .... # ....
....


You could see 3 death yaks, a hell rat, 2 river rats, 2 quokkas and 2 rats.

Vanquished Creatures
  2 orc warriors
  A black bear (D:4)
  An ice beast (D:5)
  An ogre (D:7)
  A centaur (D:6)
  A phantom (D:5)
  A kobold brigand (D:7)
  3 scorpions
  A howler monkey (D:8)
  A jelly (D:5)
  3 hounds
  An orc priest (D:5)
  3 iguanas
  2 sleepcaps
  Natasha (thrice) (D:3)
  2 orc wizards
  12 adders
  A shadow imp (D:6)
  An ufetubus (D:5)
  3 dart slugs (D:1)
  22 orcs
  5 endoplasms
  3 giant cockroaches
  7 goblins
  13 hobgoblins
  5 quokkas
  5 ball pythons
  4 bats
  6 frilled lizards
  11 kobolds
  4 rats
129 creatures vanquished.

Notes
Turn   | Place    | Note
-------+----------+-------------------------------------------
     0 | D:1      | qw the Gargoyle Fighter began the quest for the Orb.
     0 | D:1      | Reached XP level 1. HP: 14/14 MP: 1/1
     0 | D:1      | 0 ||| qw: Version: 0.3-a-32-g5962c71
     0 | D:1      | 0 ||| qw: Game counter: 7471
     0 | D:1      | 0 ||| qw: Melee chars always use a shield: true
     0 | D:1      | 0 ||| qw: God list: Okawaru
     0 | D:1      | 0 ||| qw: Allow faded altars: false
     0 | D:1      | 0 ||| qw: Do Orc after clearing Dungeon:15 true
     0 | D:1      | 0 ||| qw: Do second Lair branch before Depths: true
     0 | D:1      | 0 ||| qw: Lair rune preference: random
     0 | D:1      | 0 ||| qw: Goals: Normal, Zot:1-4, Slime:5, God:TSO, Crypt,
                  | Tomb, Abyss, Pan, Hells, Win
     0 | D:1      | 0 ||| PLANNING D:1-11
    33 | D:1      | 33 ||| Stepping ~*~*~tactically~*~*~ (hiding).
    41 | D:1      | Reached skill level 2 in Axes
    54 | D:1      | 54 ||| Stepping ~*~*~tactically~*~*~ (hiding).
    60 | D:1      | Reached XP level 2. HP: 19/19 MP: 2/2
   177 | D:1      | 177 ||| FLEEEEING.
   178 | D:1      | 178 ||| FLEEEEING.
   179 | D:1      | 179 ||| FLEEEEING.
   235 | D:1      | 235 ||| Stepping ~*~*~tactically~*~*~ (hiding).
   236 | D:1      | 236 ||| Stepping ~*~*~tactically~*~*~ (hiding).
   237 | D:1      | 237 ||| Stepping ~*~*~tactically~*~*~ (hiding).
   239 | D:1      | 239 ||| Stepping ~*~*~tactically~*~*~ (hiding).
   240 | D:1      | 240 ||| Stepping ~*~*~tactically~*~*~ (hiding).
   241 | D:1      | 241 ||| Stepping ~*~*~tactically~*~*~ (hiding).
   242 | D:1      | 242 ||| Stepping ~*~*~tactically~*~*~ (hiding).
   243 | D:1      | 243 ||| Stepping ~*~*~tactically~*~*~ (hiding).
   264 | D:1      | 264 ||| Stepping ~*~*~tactically~*~*~ (stealth).
   426 | D:1      | Reached skill level 3 in Axes
   493 | D:1      | Reached XP level 3. HP: 23/23 MP: 3/3
   831 | D:1      | 831 ||| READING scroll labelled VOFANAV NAFF.
   832 | D:1      | 832 ||| READING scroll labelled WUGALA VARA.
   893 | D:2      | 893 ||| Stepping ~*~*~tactically~*~*~ (hiding).
  1376 | D:2      | 1376 ||| UPGRADING to amulet of regeneration.
  1381 | D:2      | 1381 ||| READING scroll labelled OSIONU ZYAW.
  1482 | D:2      | 1482 ||| READING scroll labelled MEOHE UCSYASI.
  1483 | D:2      | 1483 ||| DRINKING 3 emerald potions.
  1548 | D:3      | Noticed Natasha
  1549 | D:3      | 1549 ||| Stepping ~*~*~tactically~*~*~ (hiding).
  1562 | D:3      | Killed Natasha
  1563 | D:3      | Reached skill level 4 in Axes
  1563 | D:3      | Reached XP level 4. HP: 26/28 MP: 4/4
  1743 | D:3      | 1743 ||| Stepping ~*~*~tactically~*~*~ (stealth).
  1744 | D:3      | 1744 ||| Stepping ~*~*~tactically~*~*~ (stealth).
  1745 | D:3      | 1745 ||| Stepping ~*~*~tactically~*~*~ (stealth).
  1755 | D:3      | Reached XP level 5. HP: 32/32 MP: 5/5
  1755 | D:3      | 1755 ||| Stepping ~*~*~tactically~*~*~ (hiding).
  1757 | D:3      | 1757 ||| Stepping ~*~*~tactically~*~*~ (hiding).
  1770 | D:3      | Noticed Natasha
  1771 | D:3      | 1771 ||| Stepping ~*~*~tactically~*~*~ (hiding).
  1773 | D:3      | 1773 ||| Stepping ~*~*~tactically~*~*~ (hiding).
  1774 | D:3      | 1774 ||| Stepping ~*~*~tactically~*~*~ (hiding).
  1811 | D:3      | Killed Natasha
  1812 | D:3      | Reached skill level 5 in Axes
  1904 | D:3      | Noticed Natasha
  1909 | D:3      | Killed Natasha
  1925 | D:3      | 1925 ||| Stepping ~*~*~tactically~*~*~ (hiding).
  1927 | D:3      | 1927 ||| Stepping ~*~*~tactically~*~*~ (hiding).
  1929 | D:3      | 1929 ||| Stepping ~*~*~tactically~*~*~ (hiding).
  1953 | D:3      | 1953 ||| Stepping ~*~*~tactically~*~*~ (stealth).
  1955 | D:3      | 1955 ||| Stepping ~*~*~tactically~*~*~ (stealth).
  2005 | D:3      | 2005 ||| Stepping ~*~*~tactically~*~*~ (stealth).
  2058 | D:3      | 2058 ||| Stepping ~*~*~tactically~*~*~ (stealth).
  2180 | D:3      | 2180 ||| UPGRADING to +0 scale mail of cold resistance.
  2190 | D:3      | 2190 ||| DROPPING +0 scale mail.
  2191 | D:3      | 2191 ||| READING scroll labelled JUTIHEWNAM.
  2192 | D:3      | 2192 ||| DRINKING 2 coppery potions.
  2193 | D:3      | 2193 ||| DRINKING 2 glowing ruby potions.
  2248 | D:4      | Reached XP level 6. HP: 38/38 MP: 6/6
  2250 | D:4      | Found a staircase to the Ecumenical Temple.
  2251 | D:4      | 2251 ||| PLANNING TEMPLE
  2251 | D:4      | 2251 ||| UPGRADING to +0 plate armour.
  2261 | D:4      | 2261 ||| DROPPING +0 scale mail of cold resistance.
  2276 | Temple   | Entered the Ecumenical Temple
  2340 | Temple   | 2340 ||| PLANNING OKAWARU WORSHIP
  2572 | Temple   | Became a worshipper of Warmaster Okawaru
  2573 | Temple   | 2573 ||| PLANNING D:1-11
  2666 | D:4      | Identified the +3 dagger "No More Talking" {holy, Stlth+}
  2930 | D:4      | Noticed a black bear
  2943 | D:4      | Killed a black bear
  2944 | D:4      | Reached skill level 6 in Axes
  2944 | D:4      | Reached XP level 7. HP: 40/43 MP: 7/7
  3002 | D:4      | 3002 ||| Stepping ~*~*~tactically~*~*~ (stealth).
  3003 | D:4      | 3003 ||| Stepping ~*~*~tactically~*~*~ (stealth).
  3187 | D:4      | Found a hazy altar of Hepliaklqana.
  3238 | D:4      | 3238 ||| Stepping ~*~*~tactically~*~*~ (stealth).
  3239 | D:4      | 3239 ||| Stepping ~*~*~tactically~*~*~ (stealth).
  3240 | D:4      | 3240 ||| Stepping ~*~*~tactically~*~*~ (stealth).
  3247 | D:4      | 3247 ||| Stepping ~*~*~tactically~*~*~ (stealth).
  3248 | D:4      | 3248 ||| Stepping ~*~*~tactically~*~*~ (stealth).
  3253 | D:4      | 3253 ||| Stepping ~*~*~tactically~*~*~ (hiding).
  3625 | D:4      | 3625 ||| UPGRADING to +4 ring of protection.
  3626 | D:4      | 3626 ||| DROPPING ring of wizardry.
  3627 | D:4      | 3627 ||| READING scroll labelled UCVAHA KESUAXE.
  3681 | D:5      | Entered Level 5 of the Dungeon
  3698 | D:5      | 3698 ||| Stepping ~*~*~tactically~*~*~ (stealth).
  3700 | D:5      | 3700 ||| Stepping ~*~*~tactically~*~*~ (hiding).
  3709 | D:5      | 3709 ||| DRINKING 2 potions of curing.
  3709 | D:5      | 3709 ||| (to cure confusion)
  3714 | D:5      | 3714 ||| Stepping ~*~*~tactically~*~*~ (stealth).
  3716 | D:5      | 3716 ||| Stepping ~*~*~tactically~*~*~ (stealth).
  3727 | D:5      | 3727 ||| DROPPING +0 mace.
  3777 | D:5      | Reached skill level 7 in Axes
  3796 | D:5      | 3796 ||| Stepping ~*~*~tactically~*~*~ (hiding).
  3817 | D:5      | Reached * piety under Okawaru
  3818 | D:5      | 3818 ||| INVOKING Heroism.
  3819 | D:5      | 3819 ||| INVOKING Heroism.
  3884 | D:5      | 3884 ||| Stepping ~*~*~tactically~*~*~ (stealth).
  3894 | D:5      | Reached skill level 1 in Invocations
  3922 | D:5      | Reached XP level 8. HP: 49/49 MP: 7/9
  3990 | D:5      | 3990 ||| INVOKING Heroism.
  3992 | D:5      | Reached skill level 1 in Dodging
  4035 | D:5      | Noticed a moth of wrath
  4036 | D:5      | 4036 ||| READING 2 scrolls of identify.
  4036 | D:5      | 4036 ||| IDENTIFYING sedimented red potion
  4496 | D:6      | Reached skill level 1 in Throwing
  4496 | D:6      | Reached skill level 3 in Invocations
  4543 | D:6      | Identified the +8 short sword "Biriud" {heavy, Will+ Int+2
                  | Stlth+}
  4687 | D:6      | 4687 ||| Stepping ~*~*~tactically~*~*~ (hiding).
  4688 | D:6      | 4688 ||| Stepping ~*~*~tactically~*~*~ (hiding).
  4689 | D:6      | 4689 ||| Stepping ~*~*~tactically~*~*~ (hiding).
  4751 | D:6      | 4751 ||| DROPPING +6 ring of intelligence.
  4752 | D:6      | 4752 ||| READING scroll labelled ZUCAIDW XEBBIU.
  4753 | D:6      | 4753 ||| READING 4 scrolls of identify.
  4753 | D:6      | 4753 ||| IDENTIFYING puce potion
  4754 | D:6      | 4754 ||| READING 3 scrolls of identify.
  4754 | D:6      | 4754 ||| IDENTIFYING dark potion
  4755 | D:6      | 4755 ||| READING 2 scrolls of identify.
  4755 | D:6      | 4755 ||| IDENTIFYING fizzy emerald potion
  4756 | D:6      | 4756 ||| DROPPING potion of invisibility.
  4757 | D:6      | 4757 ||| DROPPING potion of ambrosia.
  4780 | D:7      | 4780 ||| Stepping ~*~*~tactically~*~*~ (stealth).
  4824 | D:7      | 4824 ||| Stepping ~*~*~tactically~*~*~ (hiding).
  4825 | D:7      | 4825 ||| Stepping ~*~*~tactically~*~*~ (hiding).
  4946 | D:7      | 4946 ||| READING scroll of enchant armour.
  4946 | D:7      | 4946 ||| ENCHANTING +0 plate armour.
  4957 | D:7      | 4957 ||| INVOKING Heroism.
  5022 | D:7      | 5022 ||| INVOKING Heroism.
  5083 | D:7      | Found an ancient bone altar of Kikubaaqudgha.
  5136 | D:7      | 5136 ||| Stepping ~*~*~tactically~*~*~ (hiding).
  5146 | D:7      | Reached skill level 8 in Axes
  5291 | D:7      | 5291 ||| READING scroll labelled ERYOME CUNOSOUFO.
  5292 | D:7      | 5292 ||| READING 3 scrolls labelled GETENK ZEQIATT.
  5293 | D:7      | 5293 ||| READING scroll labelled XAOKIEBLE.
  5294 | D:7      | 5294 ||| DROPPING 2 scrolls of poison.
  5315 | D:8      | Noticed a death yak
  5316 | D:8      | 5316 ||| INVOKING Heroism.
  5318 | D:8      | Noticed a death yak
  5320 | D:8      | Noticed a death yak
  5336 | D:8      | HP: 8/49 [death yak (14)]
  5337 | D:8      | 5337 ||| READING scroll of teleportation.
  5338 | D:8      | Slain by a death yak

Levels and vault maps discovered:
D:1:      dpeg_arrival_tiny_a, layout_loops_cross
D:2:      layout_rooms, wander_ebering_terrifying_dragon_lair
D:3:      layout_basic, uniq_natasha
D:4:      layout_loops_corners, nicolae_hepliaklqana_hazy_memory,
          minmay_temple_entry_mini_moons, chequers_serial_rivers_micro_e
D:5:      layout_cave_pools, tgw_trog
D:6:      layout_basic, patterned_corridor
D:7:      layout_rooms, mainiacjoe_overflow_catwalk
D:8:      layout_gridville, dpeg_lair_monsters
Temple:   minmay_temple_bridge_d

Skill      XL: |  1  2  3  4  5  6  7  8 |
---------------+-------------------------+-----
Axes           | 2 3 4 5 6 7 8 |  8.1
Fighting       | 4 5 |  5.2
Invocations    | 2 4 |  4.3
Dodging        | 1 |  1.0
Armour         | 4 |  4.0
Throwing       | 1 |  1.3
Shields        | |  3.2

Action                     |  1- 3 |  4- 6 |  7- 9 || total
---------------------------+-------+-------+-------++-------
  Melee: War axe           |   117 |   169 |   196 ||   482
  Throw: Boomerang         |       |       |    67 ||    67
 Invoke: Heroism           |       |       |     5 ||     5
    Use: Scroll            |     4 |     1 |    11 ||    16
         Potion            |     1 |     2 |     1 ||     4
 Armour: Scale mail        |    64 |    84 |       ||   148
         Plate armour      |       |    29 |   122 ||   151
  Dodge: Dodged            |    49 |    82 |    74 ||   205
  Block: Buckler           |    13 |    29 |    27 ||    69

Table legend:
 A = Non-vault XP
 B = Vault XP
 C = Vault XP percentage of total XP
 D = Non-vault monster count
 E = Vault monster count
 F = Vault count percentage of total count
                 A         B        C        D         E       F
            +---------+---------+-------+---------+---------+-------
      Total |    2184 |      37 |   1.7 |     126 |       3 |   2.3
            +---------+---------+-------+---------+---------+-------
        D:1 |      45 |       0 |   0.0 |      24 |       0 |   0.0
        D:2 |      28 |       1 |   3.4 |       9 |       1 |  10.0
        D:3 |     196 |      35 |  15.2 |      30 |       1 |   3.2
        D:4 |     357 |       0 |   0.0 |      23 |       0 |   0.0
        D:5 |     656 |       1 |   0.2 |      18 |       1 |   5.3
        D:6 |     300 |       0 |   0.0 |       6 |       0 |   0.0
        D:7 |     545 |       0 |   0.0 |      15 |       0 |   0.0
        D:8 |      57 |       0 |   0.0 |       1 |       0 |   0.0
            +---------+---------+-------+---------+---------+-------
